Map: Platformy prionowe

Players

Gracz - Winner!

  • Race: Zerg Zerg

SI 1 (Bardzo łatwa)

  • Race: Protoss Protoss

VOD

Have the link to the VOD?

Description

Time

  • Played on: Feb. 27, 2016, 6:33 a.m.
  • Length: 22:51
Show
View Real Time Build Order
Export as new Build Order

Gracz Zerg - Winner!

Build Orders: Pool First 

Get SALT Encoding   

  12  0:06  Drone  
  13  0:19  Drone  
  14  0:22  Overlord  
  14  0:48  Extractor  
  14  0:49  Drone  
  14  0:51  Drone, Overlord  
  15  0:59  Spawning Pool  
  14  1:26  Drone x2  
  16  2:10  Zergling x4  
  16  2:11  Zergling x2  
  16  2:14  Lair  
  19  2:22  Extractor  
  18  2:24  Zergling x2  
  19  2:48  Drone x2  
  21  3:24  Drone  
  21  3:25  Drone  
  21  3:26  Drone  
  24  3:30  Infestation Pit  
  19  3:48  Zergling x4  
  21  4:11  Metabolic Boost  
  21  4:18  Neural Parasite  
  19  4:55  Infestor  
  19  4:56  Zergling x4  
  19  4:59  Queen  
  25  5:22  Evolution Chamber  
  25  5:26  Zergling x4  
  26  5:37  Pathogen Glands  
  24  6:19  Burrow  
  24  6:23  Zergling x6  
  27  6:32  Zerg Melee Weapons Level 1  
  27  7:07  Zergling x6  
  30  7:09  Overlord  
  26  8:01  Zergling x4, Infestor  
  29  8:27  Zerg Ground Armor Level 1  
  28  9:05  Zergling x4  
  28  9:07  Overlord  
  29  9:49  Zergling x6  
  29  13:03  Infestor  
  29  13:06  Nexus  
  29  13:14  Infestor  
  29  14:34  Probe (Chrono Boost)  
  30  14:55  Pylon  
  30  15:14  Gateway  
  30  16:04  Zealot  
  32  16:34  Cybernetics Core  
  32  17:38  Spire  
  32  17:44  Hive  
  31  17:45  Nydus Network, Zergling x6  
  33  18:56  Mutalisk x3  
  39  19:13  Hatchery  
  38  19:48  Mutalisk  
  38  19:49  Mutalisk x4  
  48  20:06  Extractor  
  47  20:07  Extractor  
  46  20:27  Mutalisk x3  
  52  20:29  Mutalisk  
  54  21:15  Mutalisk x2  
  54  21:16  Mutalisk  
  54  21:17  Mutalisk x6  
Show
View Real Time Build Order
Export as new Build Order

SI 1 (Bardzo łatwa) Protoss 

Build Orders:  

Get SALT Encoding   

  12  0:01  Probe (Chrono Boost)  
  13  0:11  Probe (Chrono Boost)  
  14  0:20  Pylon  
  14  0:36  Assimilator  
  14  0:42  Gateway  
  14  0:45  Pylon  
  14  1:13  Assimilator  
  15  1:26  Probe (Chrono Boost)  
  15  1:28  Zealot  
  17  1:33  Cybernetics Core  
  17  1:37  Probe (Chrono Boost)  
  18  1:48  Probe (Chrono Boost)  
  19  1:58  Warp Gate  
  19  1:59  Probe (Chrono Boost)  
  20  2:10  Probe (Chrono Boost)  
  21  2:22  Probe (Chrono Boost)  
  22  2:43  Stalker  
  22  4:00  Stalker  
  22  5:15  Zealot  
  24  7:20  Probe (Chrono Boost)  
  24  7:21  Adept  
  27  7:23  Pylon  
  27  7:25  Robotics Facility  
  27  7:30  Probe (Chrono Boost)  
  27  7:31  Nexus  
  28  7:41  Probe (Chrono Boost)  
  25  7:52  Probe (Chrono Boost)  
  25  8:13  Observer  
  26  8:20  Pylon, Probe (Chrono Boost)  
  26  8:21  Stalker  
  25  8:28  Nexus  
  25  8:32  Probe (Chrono Boost)  
  25  8:33  Observer  
  24  8:43  Probe (Chrono Boost)  
  24  8:50  Stalker  
  23  8:55  Probe (Chrono Boost)  
  21  9:06  Probe (Chrono Boost)  
  22  9:18  Probe (Chrono Boost)  
  22  9:19  Stalker  
  21  9:24  Nexus  
  21  9:29  Probe (Chrono Boost)  
  15  9:39  Probe (Chrono Boost)  
  16  9:47  Stalker  
  16  9:51  Probe (Chrono Boost)  
  18  10:01  Probe (Chrono Boost)  
  19  10:12  Probe (Chrono Boost)  
  19  10:13  Nexus  
  18  10:16  Stalker  
  20  10:24  Probe (Chrono Boost)  
  18  10:36  Probe (Chrono Boost)  
  18  10:41  Immortal  
  14  10:47  Probe (Chrono Boost)  
  17  10:58  Probe (Chrono Boost)  
  17  11:04  Nexus  
  11  11:11  Probe (Chrono Boost)  
  11  11:13  Stalker  
  13  11:22  Probe (Chrono Boost)  
  9  11:33  Probe (Chrono Boost)  
  9  11:42  Stalker  
  9  11:45  Probe (Chrono Boost)  
  10  12:18  Probe (Chrono Boost)  
  11  12:43  Probe (Chrono Boost)  
  9  12:53  Nexus  
  9  12:57  Gateway, Probe (Chrono Boost)  
  8  13:08  Probe (Chrono Boost)  
  9  13:18  Probe (Chrono Boost)  
  10  13:29  Probe (Chrono Boost)  
  11  13:39  Probe (Chrono Boost)  
  12  13:41  Pylon  
  12  13:51  Probe (Chrono Boost), Zealot  
  15  14:02  Probe (Chrono Boost)  
  14  14:05  Probe (Chrono Boost)  
  15  14:14  Adept  
  15  14:16  Probe (Chrono Boost)  
  16  14:29  Pylon  
  16  14:34  Probe (Chrono Boost)  
  17  14:41  Probe (Chrono Boost)  
  18  14:48  Probe (Chrono Boost)  
  19  14:57  Gateway, Probe (Chrono Boost)  
  20  15:04  Probe (Chrono Boost)  
  21  15:17  Probe (Chrono Boost), Gateway  
  22  15:50  Pylon  
  22  15:54  Pylon  
  22  16:15  Gateway  
  22  16:22  Probe (Chrono Boost)  
  21  16:29  Probe (Chrono Boost)  
  22  16:32  Pylon  
  22  16:43  Probe (Chrono Boost)  
  21  16:50  Probe (Chrono Boost)  
  22  16:57  Probe (Chrono Boost)  
  22  17:08  Probe (Chrono Boost)  
  22  17:09  Zealot  
  22  17:14  Probe (Chrono Boost)  
  22  17:17  Pylon  
  22  17:21  Probe (Chrono Boost)  
  18  17:25  Assimilator  
  18  17:29  Probe (Chrono Boost)  
  17  17:36  Probe (Chrono Boost)  
  18  17:37  Zealot  
  18  17:43  Probe (Chrono Boost)  
  18  18:06  Probe (Chrono Boost)  
  18  18:09  Pylon  
  18  18:16  Pylon  
  18  18:24  Pylon  
  16  18:27  Probe (Chrono Boost)  
  17  18:38  Probe (Chrono Boost)  
  19  18:48  Probe (Chrono Boost)  
  19  18:54  Gateway  
  19  18:59  Probe (Chrono Boost)  
  20  19:09  Probe (Chrono Boost)  
  21  19:20  Probe (Chrono Boost)  
  22  19:49  Gateway  
  22  19:53  Cybernetics Core  
  22  19:58  Zealot  
  21  20:15  Pylon  
  21  20:26  Zealot  
  6  20:42  Nexus  
  3  21:05  Robotics Facility  
  3  21:12  Nexus  
  3  21:21  Pylon  
  2  21:53  Probe (Chrono Boost)  
  3  22:04  Probe (Chrono Boost)  
Tags
 
Add a new tag
Caveats
  • Supply blocks, unpowered buildings, or Contaminate may cause inaccurate times.
  • Supply counts are checked every 10 seconds.